 Dungeon Crawl Stone Soup version 0.27.1-33-g824d729ab1 (webtiles) character file.

Game seed: 335071980559903014

12 zeram the Sneak (level 2, 0/13 HPs)
             Began as a Spriggan Enchanter on Dec 31, 2021.
             Slain by a ball python (2 damage)
             ... on level 1 of the Dungeon.
             The game lasted 00:01:34 (778 turns).

zeram the Sneak (Spriggan Enchanter)                 Turns: 778, Time: 00:01:34

Health: 0/13       AC:  2    Str:  4    XL:     2   Next: 20%
Magic:  7/7        EV: 17    Int: 16    God:
Gold:   19         SH:  0    Dex: 15    Spells: 6/7 levels left

rFire    . . .     SeeInvis +   a - +1 dagger
rCold    . . .     Faith    .   (shield restricted)
rNeg     . . .     Spirit   .   b - +0 robe
rPois    .         Reflect  .   (helmet restricted)
rElec    .         Harm     .   (no cloak)
rCorr    .         Rampage  .   (gloves unavailable)
Will     .....                  (boots unavailable)
Stlth    +++.......             (no amulet)
HPRegen  0.04/turn              (no ring)
MPRegen  0.10/turn              (no ring)

@: very quick
A: very small, no large weapons, unfitting armour, see invisible, speed 3
a: no special abilities


You were on level 1 of the Dungeon.
You visited 1 branch of the dungeon, and saw 1 of its levels.

You collected 19 gold pieces.

Inventory:

Hand Weapons
 a - a +1 dagger (weapon)
Missiles
 c - 11 poisoned darts (quivered)
Armour
 b - a +0 robe (worn)
Scrolls
 d - a scroll of acquirement


   Skills:
 + Level 1.1 Short Blades
 + Level 2.9 Dodging
 + Level 4.6 Stealth
 + Level 3.0 Spellcasting
 + Level 4.0 Hexes


You had 6 spell levels left.
You knew the following spells:

 Your Spells              Type           Power      Damage    Failure   Level
a - Corona                Hex            16%        N/A       3%          1

Your spell library contained the following spells:

 Spells                   Type           Power      Damage    Failure   Level
 Confusing Touch          Hex            15%        N/A       11%         3
 Tukima's Dance           Hex            15%        N/A       11%         3
 Ensorcelled Hibernation  Hex/Ice        16%        N/A       12%         2
 Dazzling Flash           Conj/Hex       16%        N/A       24%         3


Dungeon Overview and Level Annotations

Branches:
Dungeon (1/15)

Altars:


Innate Abilities, Weirdness & Mutations

You are very small and have problems with some larger weapons.
You are too small for most types of armour.
You have supernaturally acute eyesight. (SInv)
You cover ground extremely quickly. (Speed+++)


Message History

You hit the endoplasm.
The endoplasm is almost dead.
The ball python bites you. The ball python constricts you.
The endoplasm hits you but does no damage.
The ball python bites you but does no damage.
The ball python constricts you.
You barely miss the endoplasm.
The endoplasm is almost dead.
The ball python bites you. The ball python constricts you.
The endoplasm closely misses you.
You barely miss the endoplasm.
The endoplasm is almost dead.
The ball python closely misses you. The ball python constricts you.
* * * LOW HITPOINT WARNING * * *
The endoplasm hits you.
* * * LOW HITPOINT WARNING * * *
Unknown command.
You hit the endoplasm.
You kill the endoplasm!
The bat misses you. The ball python misses you. The ball python constricts you.
Unknown command.
You escape the ball python's grasp.
An endoplasm comes into view.
The endoplasm quivers.
The bat hits you but does no damage. The bat completely misses you.
You open the door. The bat barely misses you. The bat completely misses you.
Found a stone staircase leading down.
The endoplasm barely misses you.
There is an open door here.
The bat closely misses you.
There is a stone staircase leading down here.
Found a scroll of identify and 7 gold pieces.
The bat misses you. The bat closely misses you.
You closely miss the bat. The bat misses you.
A ball python comes into view.
The ball python hisses angrily.
You barely miss the ball python. The ball python bites you.
You die...

# . #$
..#.##########
.......bSr.@.#
........####S#
#.......# .#
###.....?S# .#
###....#+###.######
...........>J.......
###....####K########
###....# #.......#
.....# #....$..#


You could see a bat, 2 ball pythons and a rat.

Vanquished Creatures
  A bat (D:1)
  2 endoplasms (D:1)
  A goblin (D:1)
  2 hobgoblins (D:1)
  2 ball pythons (D:1)
  A frilled lizard (D:1)
  2 rats (D:1)
11 creatures vanquished.

Notes
Turn   | Place    | Note
-------+----------+-------------------------------------------
     0 | D:1      | zeram the Spriggan Enchanter began the quest for the Orb.
     0 | D:1      | Reached XP level 1. HP: 9/9 MP: 5/5
   348 | D:1      | Reached XP level 2. HP: 6/13 MP: 7/7
   348 | D:1      | Identified a scroll of acquirement
   778 | D:1      | Slain by a ball python

Illustrated notes

Levels and vault maps discovered:
D:1:      lemuel_arrival_broad_hall, layout_basic, serial_shops, shop

Skill      XL: |  1  2 |
---------------+-------+-----
Spellcasting   | 3 |  3.0
Hexes          | 4 |  4.0
Short Blades   | |  1.1
Dodging        | |  2.9
Stealth        | |  4.6

Action                   || total
-------------------------++-------
Melee: Dagger            ||    48
  Use: Scroll            ||     2
       Potion            ||     1
 Stab: Sleeping          ||     3
Armor: Robe              ||    10
Dodge: Dodged            ||    45
